 Dungeon Crawl Stone Soup version 0.22.0-49-gab54619 (webtiles) character file.

4184 inc the Destroyer (level 10, -6/60 HPs)
             Began as an Octopode Fire Elementalist on Sept 6, 2018.
             Was an Initiate of Gozag.
             Splashed by Maurice's acid (8 damage)
             ... on level 8 of the Dungeon.
             The game lasted 00:14:01 (9758 turns).

inc the Destroyer (Octopode Fire Elementalist)      Turns: 9758, Time: 00:14:03

Health: -6/60      AC: -3    Str:  9    XL:     10   Next: 29%
Magic:  23/31      EV: 13    Int: 23    God:    Gozag
Gold:   996        SH:  5    Dex: 12    Spells: 13/25 levels left

rFire    . . .     SeeInvis .   j - +2 short sword (speed)
rCold    . . .     Gourm    .   n - +0 buckler
rNeg     . . .     Faith    .   (helmet restricted)
rPois    .         Spirit   .   (no amulet)
rElec    .         Reflect  .   v - ring of fire
rCorr    .         Harm     .   b - ring of ice
MR       +....                  z - ring of magical power
Stlth    +++.......             w - ring of the Fiend {MR+ Int+3}
HPRegen  0.20/turn              (no ring)
MPRegen  0.22/turn              (no ring)
                                (no ring)
                                (no ring)

@: corroded
A: almost no armour, stealthy swim, amphibious, 8 rings, constrict 8, camouflage
1, gelatinous body 1
a: Potion Petition, Call Merchant, Bribe Branch, Renounce Religion


You were on level 8 of the Dungeon.
You worshipped Gozag.
Gozag was pleased with you.
You were not hungry.

You visited 2 branches of the dungeon, and saw 9 of its levels.

You collected 1078 gold pieces.
You paid 82 gold pieces to Gozag.

Inventory:

Hand Weapons
 a - a +0 short sword
 c - a +1 dagger of venom
 j - a +2 short sword of speed (weapon)
Armour
 n - a +0 buckler (worn)
Jewellery
 b - a ring of ice (right tentacle)
 h - an uncursed ring of ice
 v - a ring of fire (left tentacle)
 w - the ring of the Fiend (on tentacle) {MR+ Int+3}
   (You found it on level 5 of the Dungeon)

   [ring of protection from magic]

   It affects your intelligence (+3).
   It affects your resistance to hostile enchantments.
 z - a ring of magical power (on tentacle)
Wands
 p - a wand of digging (17)
 y - a wand of random effects (35)
 D - a wand of scattershot (5)
Scrolls
 f - 2 scrolls of amnesia
 l - 3 scrolls of enchant weapon {unknown}
 s - 2 scrolls of remove curse {unknown}
 x - a scroll of noise {unknown}
 A - 2 scrolls of immolation {unknown}
 B - 3 scrolls of random uselessness
 C - a scroll of magic mapping {unknown}
Potions
 d - a potion of magic
 g - a potion of lignification
 i - a potion of flight {unknown}
 k - 2 potions of cancellation
 m - 2 potions of might
 o - 2 potions of degeneration
 q - 2 potions of curing {unknown}
 r - a potion of brilliance
 t - 3 potions of heal wounds
 u - a potion of ambrosia {unknown}
Comestibles
 e - 6 rations


   Skills:
 - Level 2.0 Fighting
 - Level 2.0 Dodging
 - Level 2.6 Stealth
 - Level 4.2 Shields
 + Level 8.0 Spellcasting
 - Level 8.1 Conjurations
 - Level 7.9 Fire Magic


You had 13 spell levels left.
You knew the following spells:

 Your Spells              Type           Power        Failure   Level  Hunger
a - Flame Tongue          Conj/Fire      #####        1%          1    None
b - Conjure Flame         Conj/Fire      ######..     1%          3    None
c - Sticky Flame          Conj/Fire      ######..     2%          4    ###....
u - Blink                 Tloc           N/A          11%         2    None
y - Passwall              Tmut/Erth      #.......     11%         2    None

Your spell library contained the following spells:

 Spells                   Type           Power        Failure   Level  Hunger
 Magic Dart               Conj           ####         1%          1    None
 Searing Ray              Conj           #####.       1%          2    None
 Throw Flame              Conj/Fire      ######       1%          2    None
 Iskenderun's Mystic Bla  Conj           #####...     2%          4    ###....
 Dazzling Spray           Conj/Hex       ####..       3%          3    None
 Stone Arrow              Conj/Erth      ####..       3%          3    None
 Inner Flame              Hex/Fire       #####...     4%          3    None
 Sandblast                Erth           #.....       7%          1    None
 Mephitic Cloud           Conj/Pois/Air  ###.....     7%          3    None
 Fireball                 Conj/Fire      ######....   7%          5    #####..
 Call Imp                 Summ           #.......     11%         2    None
 Poisonous Vapours        Pois/Air       #.....       11%         2    None
 Slow                     Hex            #.......     11%         2    None
 Force Lance              Conj/Tloc      ####....     13%         4    ###....
 Fulminant Prism          Conj/Hex       ####......   13%         4    ###....
 Petrify                  Tmut/Erth      #.......     56%         4    ###....
 Lee's Rapid Deconstruct  Erth           #.........   88%         5    #####..
 Freezing Cloud           Conj/Ice/Air   ####......   98%         6    ######.
 Ring of Flames           Chrm/Fire      #####.....   100%        7    #######


Dungeon Overview and Level Annotations

Branches:
Dungeon (8/15)             Temple (1/1) D:5            Lair (0/6) D:8

Altars:
Ashenzari
Elyvilon
Fedhas
Gozag
Hepliaklqana
Okawaru
Sif Muna
Trog
Wu Jian

Shops:
D:7 [

Annotations:
D:8 Maurice


Innate Abilities, Weirdness & Mutations

You cannot wear most types of armour.
You are very stealthy in the water. (Stealth+)
You are amphibious.
You can wear up to eight rings at the same time.
You can use your tentacles to constrict eight enemies at once.
Your skin changes colour to match your surroundings (Stealth+).
Your rubbery body absorbs attacks. (AC +1, EV +1)


Message History

Casting: Flame Tongue (safe; 1% risk of failure)
Confirm with . or Enter, or press ? or * to list all spells.
Aiming: Flame Tongue (safe; 1% risk of failure)
Press: ? - help, Shift-Dir - straight line, f/p - Maurice
Aim: Maurice, wielding a war axe, wearing a glowing cloak and carrying a wand You feel a surge of power!
The flame tongue hits Maurice.
Maurice is heavily wounded.
Maurice burns!
Maurice stops burning.
Casting: Flame Tongue (safe; 1% risk of failure)
Confirm with . or Enter, or press ? or * to list all spells.
Aiming: Flame Tongue (safe; 1% risk of failure)
Press: ? - help, Shift-Dir - straight line, f/p - Maurice
Aim: Maurice, wielding a war axe, wearing a glowing cloak and carrying a wand You feel a surge of power!
The flame tongue hits Maurice.
Maurice is severely wounded.
Maurice zaps a wand.
The bolt of acid hits you!
* * * LOW HITPOINT WARNING * * *
The acid corrodes you!
You are splashed with acid!
The acid burns!
You die...
Your body crumbles into a pile of gold.

#.####.########
#.##..........#
#[##(#.######.#
#.##.#........#
#.##.#################
#.##............/....[
#.#######.............
#....#..'........#######
####.#.##.......@@......
# #.#.###.############.
# #.#.# #..........#.. #
#.#(# #.####........
####.#.###### #)###.###
...#.#......# #.#
##.#.#..###.###.###.#
....................#
##.#.######.###.#####


You could see Maurice.

Vanquished Creatures
  Psyche (D:8)
  Grinder (D:5)
  Prince Ribbit (D:5)
  A hippogriff (D:7)
  Eustachio (D:4)
  A hungry ghost (D:7)
  Menkaure (D:5)
  A water moccasin (D:7)
  An ice beast (D:5)
  A sky beast (D:6)
  2 orc warriors (D:7)
  A necrophage (D:5)
  4 ogres
  4 centaurs
  3 bullfrogs
  A scorpion (D:4)
  2 howler monkeys
  3 crimson imps
  2 jellies
  3 hounds
  Crazy Yiuf (D:5)
  9 orc priests
  A centaur skeleton (D:8)
  2 iguanas
  Terence (D:3)
  15 orc wizards
  3 worker ants
  8 adders
  7 gnolls
  2 river rats (D:5)
  2 shadow imps
  2 worms
  A dart slug (D:1)
  4 leopard geckos
  29 orcs
  5 ball pythons
  10 bats
  3 giant cockroaches
  6 goblins
  9 hobgoblins
  7 jackals (D:1)
  3 quokkas
  7 frilled lizards
  A jackal skeleton (D:6)
  A jackal zombie (D:7)
  8 kobolds
  A leopard gecko skeleton (D:4)
  7 rats
190 creatures vanquished.

Notes
Turn   | Place    | Note
-------+----------+-------------------------------------------
     0 | D:1      | inc the Octopode Fire Elementalist began the quest for the
                  | Orb.
     0 | D:1      | Reached XP level 1. HP: 11/11 MP: 3/3
   383 | D:1      | Reached XP level 2. HP: 17/17 MP: 3/5
   618 | D:1      | Reached XP level 3. HP: 19/21 MP: 3/6
  1596 | D:2      | Found a blossoming altar of Fedhas.
  1696 | D:2      | Learned a level 3 spell: Conjure Flame
  1846 | D:3      | Reached XP level 4. HP: 13/27 MP: 2/7
  2089 | D:3      | Reached skill level 1 in Shields
  2494 | D:3      | Noticed Terence
  2517 | D:3      | Killed Terence
  2517 | D:3      | Reached XP level 5. HP: 22/31 MP: 1/8
  2743 | D:3      | Learned a level 4 spell: Sticky Flame
  3388 | D:4      | Reached XP level 6. HP: 36/36 MP: 5/9
  3559 | D:4      | Noticed Eustachio
  3572 | D:4      | Killed Eustachio
  3770 | D:5      | Entered Level 5 of the Dungeon
  3771 | D:5      | Noticed Prince Ribbit
  3945 | D:4      | Reached XP level 7. HP: 27/41 MP: 2/10
  4164 | D:4      | Reached skill level 5 in Conjurations
  4408 | D:4      | Learned a level 2 spell: Blink
  4829 | D:5      | Noticed Grinder
  4840 | D:5      | Killed Grinder
  4840 | D:5      | Reached skill level 5 in Fire Magic
  4840 | D:5      | Reached XP level 8. HP: 36/46 MP: 3/11
  4922 | D:5      | Found a runed door.
  4926 | D:5      | Noticed Crazy Yiuf
  4931 | D:5      | Killed Crazy Yiuf
  5006 | D:5      | Killed Prince Ribbit
  5076 | D:5      | Got a crude bone ring
  5106 | D:5      | Found a staircase to the Ecumenical Temple.
  5114 | D:5      | Noticed Menkaure
  5123 | Temple   | Entered the Ecumenical Temple
  5164 | Temple   | Became a worshipper of Gozag Ym Sagoz the Greedy
  5195 | D:5      | Killed Menkaure
  6042 | D:6      | Reached XP level 9. HP: 36/51 MP: 3/12
  6803 | D:6      | Reached skill level 1 in Fighting
  6807 | D:6      | Identified the ring of the Fiend {MR+ Int+3} (You found it
                  | on level 5 of the Dungeon)
  7337 | D:7      | Found Meopuh's Armour Shop.
  7534 | D:7      | Reached skill level 5 in Spellcasting
  7898 | D:8      | Reached XP level 10. HP: 53/60 MP: 19/19
  8229 | D:8      | Noticed Psyche
  8237 | D:8      | Noticed Maurice
  8238 | D:8      | Killed Psyche
  8922 | D:7      | Learned a level 2 spell: Passwall
  9633 | D:8      | Found a staircase to the Lair.
  9758 | D:8      | HP: 2/60 [Maurice/wand of acid (7) (18)]
  9758 | D:8      | Splashed by Maurice's acid

Skill      XL: |  1  2  3  4  5  6  7  8  9 10 |
---------------+-------------------------------+-----
Conjurations   | 2 3 4 5 7 8 |  8.1
Shields        | 2 3 4 |  4.2
Fire Magic     | 4 5 7 |  7.9
Fighting       | 2 |  2.0
Spellcasting   | 6 8 |  8.0
Dodging        | |  2.0
Stealth        | |  2.6

Action                   |  1- 3 |  4- 6 |  7- 9 | 10-12 || total
-------------------------+-------+-------+-------+-------++-------
Melee: Dagger            |    25 |       |       |       ||    25
       Constrict         |     8 |     9 |     9 |     2 ||    28
       Tentacles         |     5 |     4 |     7 |     1 ||    17
       Short sword       |    20 |    22 |    37 |     6 ||    85
 Cast: Flame Tongue      |    48 |    64 |   209 |    67 ||   388
       Sticky Flame      |       |     2 |    12 |     7 ||    21
       Conjure Flame     |       |       |     1 |       ||     1
  Use: Scroll            |       |     7 |     1 |     5 ||    13
 Stab: Sleeping          |     3 |     1 |     1 |       ||     5
       Distracted        |       |       |     1 |       ||     1
  Eat: Chunk             |     3 |     8 |     5 |       ||    16
       Ration            |       |       |     3 |     3 ||     6
Armor: Skin              |    18 |     1 |     5 |     3 ||    27
Dodge: Dodged            |    63 |    22 |    53 |    17 ||   155
Block: Buckler           |       |     5 |    26 |     8 ||    39
